 Dungeon Crawl Stone Soup version 0.21.0 (webtiles) character file.

48653 Fuzzwah the Severer (level 14, -12/129 HPs)
             Began as a Minotaur Berserker on Jan 11, 2018.
             Was a High Priest of Trog.
             Mangled by an orc warlord
             ... wielding a +3 long sword
              (38 damage)
             ... on level 2 of the Orcish Mines.
             The game lasted 01:05:07 (18589 turns).

Fuzzwah the Severer (Minotaur Berserker)           Turns: 18589, Time: 01:05:08

Health: -12/129    AC: 22    Str: 21    XL:     14   Next: 13%
Magic:  13/13      EV: 18    Int:  6    God:    Trog [*****.]
Gold:   1603       SH:  0    Dex: 16    Spells: 13/13 levels left

rFire    . . .     SeeInvis .   m - +9 executioner's axe of Callousness {chop, Int+2}
rCold    . . .     Gourm    +   (shield currently unavailable)
rNeg     . . .     Faith    .   j - +5 scale mail
rPois    .         Spirit   .   (helmet unavailable)
rElec    .         Reflect  .   M - +2 cloak
rCorr    .         Harm     .   x - +1 pair of gloves
MR       +....                  (no boots)
Stlth    +.........             J - amulet of the gourmand
HPRegen  0.31/turn              f - +6 ring of slaying
MPRegen  0.13/turn              A - ring of stealth

@: berserk cooldown, slowed, very slow
A: retaliatory headbutt, horns 3, molten scales 1
a: Berserk, Trog's Hand, Brothers in Arms, Burn Spellbooks, Renounce Religion


You were on level 2 of the Orcish Mines.
You worshipped Trog.
Trog was extremely pleased with you.
You were not hungry.

You visited 3 branches of the dungeon, and saw 18 of its levels.
You also visited: Sewer.

You collected 1625 gold pieces.
You spent 22 gold pieces at shops.

Inventory:

Hand Weapons
 b - a +1 battleaxe of freezing
   (You took it off an orc high priest on level 1 of the Orcish Mines)
 m - the +9 executioner's axe of Callousness (weapon) {chop, Int+2}
   (Trog gifted it to you on level 2 of the Lair of Beasts)

   It inflicts extra damage upon your enemies.
   It affects your intelligence (+2).
Missiles
 y - 6 needles of confusion
 K - a throwing net (quivered) {!f}
Armour
 j - a +5 scale mail (worn)
   (You found it on level 2 of the Dungeon)
 x - a +1 pair of gloves (worn)
   (You found it on level 7 of the Dungeon)
 M - a +2 cloak (worn)
   (You found it on level 9 of the Dungeon)
Jewellery
 c - an uncursed ring of protection from cold
   (You found it on level 1 of the Lair of Beasts)
 f - a +6 ring of slaying (left hand)
   (You found it on level 1 of the Lair of Beasts)
 q - an uncursed ring of fire
   (You found it on level 5 of the Dungeon)
 z - an uncursed ring of see invisible
   (You found it on level 11 of the Dungeon)
 A - a ring of stealth (right hand)
   (You found it on level 4 of the Lair of Beasts)
 E - an uncursed ring of flight
   (You found it on level 7 of the Dungeon)
 J - an amulet of the gourmand (around neck)
   (You found it on level 5 of the Lair of Beasts)
Wands
 d - a wand of iceblast (11)
   (You took it off Urug on level 11 of the Dungeon)
 u - a wand of paralysis (10)
   (You took it off an orc on level 5 of the Dungeon)
 v - a wand of digging (20)
   (You found it on level 4 of the Lair of Beasts)
 w - a wand of polymorph (10)
   (You found it on level 3 of the Lair of Beasts)
Scrolls
 g - 6 scrolls of magic mapping
 h - 3 scrolls of immolation {!r}
 k - 2 scrolls of fear
 n - 5 scrolls of teleportation {@r4}
 s - 7 scrolls of remove curse {@r2}
 B - 3 scrolls of identify {@r1}
 R - 3 scrolls of blinking
Potions
 a - 5 potions of heal wounds {@q2}
 l - 2 potions of haste {@q3}
 D - a potion of cancellation
 H - a potion of lignification {!q}
 N - 3 potions of agility
 Q - a potion of curing {@q1}
 S - a potion of flight
 U - 3 potions of invisibility
 V - 3 potions of might
Comestibles
 e - 24 rations


   Skills:
 + Level 13.4 Fighting
 * Level 17.9 Axes
 + Level 13.3 Armour
 + Level 12.2 Dodging


You had 13 spell levels left.
You didn't know any spells.

Dungeon Overview and Level Annotations

Branches:
Dungeon (11/15)            Temple (0/1) D:5            Lair (5/6) D:9
  Swamp (0/4) Lair:2       Spider (0/4) Lair:2          Orc (2/2) D:11
    Elf (0/3) Orc:2
  Slime: Lair:5-6

Altars:
Cheibriados
Dithmenos
Elyvilon
Hepliaklqana
Makhleb
Nemelex Xobeh
Qazlal
Ru
Trog
Uskayaw
Vehumet
Xom
The Shining One

Shops:
D:9 *


Innate Abilities, Weirdness & Mutations

You reflexively headbutt those who attack you in melee.
You have a pair of large horns on your head.
You are partially covered in molten scales. (AC +2)


Message History

You slash the orc priest!
You kill the orc priest!
Trog accepts your kill.
You slice the orc knight!!
The orc knight roars a battlecry!
You slice the orc knight!!
You feel the power of Trog in you as your rage grows.
You kill the orc knight!
Trog accepts your kill.
You barely miss the orc priest.
The orc priest invokes the aid of Beogh against you.
You resist with significant effort.
You slice the orc priest!!
You kill the orc priest!
Trog accepts your kill.
You carve the orc priest like a ham!!!
You kill the orc priest!
Trog accepts your kill. The orc warlord misses you.
Items here: $ ( ) [ †† You slash the orc warlord!
The orc warlord blocks your attack.
You barely miss the orc warlord. The orc warlord blocks your attack.
The orc warlord hits you with an enchanted long sword!
The orc warlord blocks your attack.
The orc warlord hits you with an enchanted long sword!
* * * LOW HITPOINT WARNING * * *
You slice the orc warlord!! The orc warlord blocks your attack.
You headbutt the orc warlord. The orc warlord blocks your attack.
You headbutt the orc warlord!
You are no longer berserk.
You are exhausted.
You feel yourself slow down.
The orc warlord hits you with an enchanted long sword!!
* * * LOW HITPOINT WARNING * * *
The orc warlord blocks your attack.
You headbutt the orc warlord!! You slice the orc wizard!!
You kill the orc wizard!
Trog accepts your kill.
Trog appreciates your killing of a magic user.
The orc warlord hits you with an enchanted long sword!!
* * * LOW HITPOINT WARNING * * *
You feel much better.
The orc warlord roars a battlecry!
The orc goes into a battle-frenzy!
The orc throws a tomahawk.
The tomahawk hits you.
* * * LOW HITPOINT WARNING * * *
The orc warlord hits you but does no damage.
You slash the orc warlord! The orc warlord blocks your attack.
The orc warlord hits you with an enchanted long sword!!!
You die...

#8...8# #..[..# ##
#..)o[##.### ## ##..[[÷....#
#.## ##.#...§.## ...##
#.o....### ....## ##o#.(####
.....### ####)#..## .....#.##
##)#@o...### ........#
##.<)[......##
........#.......).......##
........##...............#
.................#.......###
..#..............#.........#
.##.............##........####
#####.........#.##...........#
# #.............##.#.....#.##


You could see an orc warlord and an orc.

Vanquished Creatures
  Gastronok (D:9)
  The ghost of ObsidianBottle the Wallflower, an adept DECj of Uskayaw (Lair:3)
  The ghost of enarc13 the Frost Mage, a journeyman DrIE of Vehumet (Lair:3)
  Erolcha (D:9)
  3 hydras (Lair:5)
  Erica (D:8)
  3 two-headed ogres
  2 orc high priests
  2 death yaks (Lair:5)
  Urug (D:11)
  Nergalle (Orc:2)
  Sonja (Orc:2)
  An unseen horror (D:11)
  A lindwurm (Lair:2)
  An orc knight (Orc:2)
  An ugly thing (D:11)
  2 cyclopes
  2 orc sorcerers (Orc:2)
  12 elephants
  A torpor snail (Lair:5)
  7 spiny frogs
  6 komodo dragons
  6 polar bears (Lair:5)
  9 trolls
  A merfolk (D:9)
  The ghost of enarc13 the Chiller, an amateur DrIE (D:5)
  12 blink frogs
  Prince Ribbit (D:8)
  6 hippogriffs
  A wraith (D:11)
  A shadow (D:11)
  A wyvern (D:8)
  29 yaks
  A redback (Lair:2)
  4 basilisks
  A steam dragon (D:10)
  Eustachio (D:6)
  Menkaure (D:5)
  A soldier ant (D:11)
  A warg (Orc:2)
  8 water moccasins
  2 hell hounds (D:9)
  10 porcupines
  3 ice beasts
  2 sky beasts
  27 orc warriors
  A black bear (D:7)
  A necrophage (D:10)
  11 ogres
  An eye of draining (D:11)
  4 wolves (Lair:4)
  9 crocodiles
  6 centaurs
  3 big kobolds (D:11)
  10 bullfrogs
  4 scorpions
  14 killer bees
  2 howler monkeys (D:5)
  An electric eel (Lair:2)
  A crimson imp (D:8)
  2 centaur zombies
  17 orc priests
  6 hounds
  A jelly (D:3)
  18 orc wizards
  A bullfrog skeleton (D:6)
  3 centaur skeletons
  A quasit (D:8)
  3 iguanas
  11 worker ants
  A hound skeleton (D:5)
  2 worker ant zombies
  A howler monkey zombie (D:6)
  10 gnolls
  13 adders
  A river rat (D:3)
  2 shadow imps
  An ooze (D:1)
  An adder zombie (D:6)
  An adder skeleton (D:4)
  6 worms
  3 dart slugs
  8 leopard geckos
  66 orcs
  9 bats
  9 giant cockroaches
  3 goblins
  7 hobgoblins
  17 jackals
  4 quokkas
  9 ball pythons
  7 frilled lizards
  A jackal zombie (D:5)
  18 kobolds
  12 rats
  2 fungi (Lair:2)
  A plant (Lair:3)
528 creatures vanquished.

Notes
Turn   | Place    | Note
-------+----------+-------------------------------------------
     0 | D:1      | Fuzzwah the Minotaur Berserker began the quest for the Orb.
     0 | D:1      | Reached XP level 1. HP: 19/19 MP: 0/0
   245 | D:1      | Reached XP level 2. HP: 26/27 MP: 1/1
   259 | D:1      | Reached skill level 4 in Axes
   634 | D:1      | Reached XP level 3. HP: 33/33 MP: 2/2
   660 | D:1      | Reached ** piety under Trog
  1256 | D:2      | Reached XP level 4. HP: 32/40 MP: 3/3
  1519 | D:2      | Found a sparkling altar of Nemelex Xobeh.
  1670 | D:3      | Found a glowing drain.
  1677 | D:3      | Reached skill level 5 in Axes
  1690 | Sewer    | Entered a sewer
  1715 | Sewer    | Reached *** piety under Trog
  1990 | Sewer    | Reached XP level 5. HP: 47/47 MP: 4/4
  2377 | D:3      | Found a shimmering altar of Xom.
  2957 | D:3      | Reached XP level 6. HP: 55/55 MP: 5/5
  3044 | D:4      | Noticed a hand axe
  3044 | D:4      | Noticed a dagger
  3045 | D:4      | Found a hide-covered altar of Uskayaw.
  3066 | D:4      | Reached skill level 6 in Axes
  3265 | D:4      | Reached skill level 5 in Fighting
  3317 | D:4      | Found a sacrificial altar of Ru.
  3376 | D:4      | Found a glowing golden altar of the Shining One.
  3376 | D:4      | Found a radiant altar of Vehumet.
  3440 | D:4      | Noticed an ice beast
  3449 | D:4      | Killed an ice beast
  3449 | D:4      | Reached XP level 7. HP: 61/61 MP: 6/6
  3498 | D:4      | Reached skill level 7 in Axes
  3690 | D:4      | Found a snail-covered altar of Cheibriados.
  3691 | D:4      | Found a stormy altar of Qazlal.
  3693 | D:4      | Found a white marble altar of Elyvilon.
  3694 | D:4      | Found a burning altar of Makhleb.
  3695 | D:4      | Found a shadowy altar of Dithmenos.
  3883 | D:5      | Entered Level 5 of the Dungeon
  3928 | D:5      | Reached skill level 5 in Armour
  3938 | D:5      | Noticed enarc13's ghost (amateur DrIE)
  3938 | D:5      | Reached **** piety under Trog
  3955 | D:5      | Killed enarc13's ghost
  3955 | D:5      | Reached skill level 8 in Axes
  3955 | D:5      | Reached skill level 5 in Dodging
  3955 | D:5      | Reached XP level 8. HP: 40/70 MP: 7/7
  4193 | D:5      | Noticed Menkaure
  4199 | D:5      | Killed Menkaure
  4637 | D:5      | Found a staircase to the Ecumenical Temple.
  4683 | D:5      | Paralysed by an orc for 3 turns
  4925 | D:6      | Received a gift from Trog
  5216 | D:6      | Reached skill level 9 in Axes
  5433 | D:6      | Reached XP level 9. HP: 64/79 MP: 8/8
  5788 | D:6      | Noticed Eustachio
  5793 | D:6      | Killed Eustachio
  5793 | D:6      | Reached skill level 10 in Axes
  6044 | D:7      | Found a hazy altar of Hepliaklqana.
  7275 | D:8      | Noticed a two-headed ogre
  7280 | D:8      | Reached ***** piety under Trog
  7280 | D:8      | Reached skill level 11 in Axes
  7282 | D:8      | Killed a two-headed ogre
  7282 | D:8      | Reached XP level 10. HP: 45/90 MP: 9/9
  7721 | D:8      | Noticed Erica
  7750 | D:8      | Killed Erica
  8345 | D:8      | Noticed Prince Ribbit
  8354 | D:8      | Killed Prince Ribbit
  8354 | D:8      | Reached skill level 12 in Axes
  8654 | D:9      | Found a staircase to the Lair.
  8842 | D:9      | Noticed Gastronok
  8854 | D:9      | Killed Gastronok
  8993 | D:9      | Found Ygromeg's Assorted Antiques.
  9001 | D:9      | Bought a metallic black potion for 22 gold pieces
  9081 | D:9      | Reached XP level 11. HP: 64/99 MP: 10/10
  9125 | D:9      | Reached skill level 13 in Axes
  9251 | D:9      | Found a bloodstained altar of Trog.
  9338 | D:9      | Noticed Erolcha
  9343 | D:9      | Killed Erolcha
  9343 | D:9      | Reached skill level 10 in Fighting
  9472 | D:10     | Entered Level 10 of the Dungeon
  9726 | D:10     | Received a gift from Trog
  9813 | D:10     | Noticed a two-headed ogre
  9818 | D:10     | Killed a two-headed ogre
  9818 | D:10     | Reached skill level 10 in Armour
 10202 | D:11     | Killed an unseen horror
 10513 | D:11     | Noticed a two-headed ogre
 10520 | D:11     | Killed a two-headed ogre
 10520 | D:11     | Reached skill level 14 in Axes
 10538 | D:11     | Noticed a purple ugly thing
 10539 | D:11     | Noticed Urug
 10551 | D:11     | Killed a purple ugly thing
 10568 | D:11     | Killed Urug
 10989 | D:11     | Found a staircase to the Orcish Mines.
 11545 | Lair:1   | Entered Level 1 of the Lair of Beasts
 11564 | Lair:1   | Gained mutation: Your muscles are strong. (Str +2) [potion of mutation]
 11564 | Lair:1   | Gained mutation: You occasionally shout uncontrollably at your foes. [potion of mutation]
 11564 | Lair:1   | Gained mutation: You are partially covered in iridescent scales. (AC +2) [potion of mutation]
 11565 | Lair:1   | Lost mutation: You are partially covered in iridescent scales. (AC +2) [potion of mutation]
 11565 | Lair:1   | Lost mutation: Your muscles are strong. (Str +2) [potion of mutation]
 11565 | Lair:1   | Lost mutation: You occasionally shout uncontrollably at your foes. [potion of mutation]
 11565 | Lair:1   | Gained mutation: You are partially covered in molten scales. (AC +2) [potion of mutation]
 11565 | Lair:1   | Gained mutation: You have a pair of large horns on your head. [potion of mutation]
 11688 | Lair:1   | Reached XP level 12. HP: 106/110 MP: 11/11
 11696 | Lair:1   | Reached skill level 10 in Dodging
 12138 | Lair:1   | Reached skill level 15 in Axes
 12512 | Lair:2   | Found a staircase to the Swamp.
 12570 | Lair:2   | Received a gift from Trog
 12580 | Lair:2   | Got a steaming executioner's axe {god gift}
 12581 | Lair:2   | Identified the +9 executioner's axe of Callousness {chop, Int+2} (Trog gifted it to you on level 2 of the Lair of Beasts)
 13098 | Lair:2   | Reached skill level 16 in Axes
 13123 | Lair:2   | Found a hole to the Spider Nest.
 13494 | Lair:3   | Noticed enarc13's ghost (journeyman DrIE)
 13864 | Lair:3   | Killed enarc13's ghost
 14091 | Lair:3   | Reached XP level 13. HP: 97/118 MP: 12/12
 14141 | Lair:3   | Noticed ObsidianBottle's ghost (adept DECj)
 14147 | Lair:3   | Killed ObsidianBottle's ghost
 14931 | Lair:4   | Received a gift from Trog
 16138 | Lair:5   | Reached skill level 17 in Axes
 17254 | Orc:1    | Entered Level 1 of the Orcish Mines
 17688 | Orc:2    | Entered Level 2 of the Orcish Mines
 17727 | Orc:2    | Found a staircase to the Elven Halls.
 17805 | Orc:2    | Noticed Sonja
 17817 | Orc:2    | Killed Sonja
 18070 | Orc:2    | Reached XP level 14. HP: 129/129 MP: 13/13
 18096 | Orc:2    | Noticed Nergalle
 18112 | Orc:2    | Killed Nergalle
 18571 | Orc:2    | Noticed an orc warlord
 18589 | Orc:2    | Mangled by an orc warlord

Skill      XL: |  1  2  3  4  5  6  7  8  9 10 11 12 13 |
---------------+----------------------------------------+-----
Axes           | 4 5 6 8 9 11 12 14 16 17 | 17.9
Fighting       | 4 5 6 7 8 9 11 12 13 | 13.4
Armour         | 3 4 5 6 8 9 10 12 13 | 13.3
Dodging        | 3 4 5 6 7 8 9 11 12 | 12.2

Action                   |  1- 3 |  4- 6 |  7- 9 | 10-12 | 13-15 || total
-------------------------+-------+-------+-------+-------+-------++-------
Melee: Hand axe          |    51 |       |       |       |       ||    51
       Headbutt          |     6 |    36 |    41 |   101 |    34 ||   218
       Mace              |    31 |       |       |       |       ||    31
       War axe           |       |   182 |    99 |   168 |    10 ||   459
       Battleaxe         |       |       |   104 |   140 |       ||   244
       Great sword       |       |       |       |    61 |       ||    61
       Executioner's axe |       |       |       |    51 |   203 ||   254
Invok: Berserk           |       |       |     7 |     8 |     5 ||    20
  Use: Scroll            |     3 |     1 |     8 |     7 |     8 ||    27
       Potion            |     2 |     2 |     5 |     8 |     1 ||    18
 Stab: Sleeping          |     4 |       |       |       |       ||     4
  Eat: Chunk             |     1 |     4 |    18 |    20 |    24 ||    67
       Ration            |       |     1 |       |     3 |     1 ||     5
Armor: Animal skin       |     8 |       |       |       |       ||     8
       Scale mail        |    10 |    77 |    77 |   215 |    78 ||   457
       Ring mail         |     8 |       |       |       |       ||     8
Dodge: Dodged            |    50 |   126 |   143 |   369 |   209 ||   897
Block: Shield            |       |     5 |    27 |       |     4 ||    36
       Rpst.: Great sword |       |       |       |    12 |       ||    12
